[Event "Wuerttemberg Rapid Teams 2024"]
[Site "B?blingen, Germany"]
[Date "2024.04.13"]
[Round "7.2"]
[White "Deuer, Marius"]
[Black "Trachtmann, Mark"]
[Result "1-0"]
[ECO "D72"]
[WhiteElo "2439"]
[BlackElo "2203"]
[Annotator "RC"]
[PlyCount "83"]
[EventDate "2024.04.13"]
[EventType "team-tourn"]
[SourceTitle "playchess.com"]
[Source "ChessBase"]
[SourceQuality "1"]
[TimeControl "900+5"]

1. d4 Nf6 2. c4 g6 3. g3 Bg7 4. Bg2 d5 5. cxd5 Nxd5 6. e4 Nb6 7. Ne2 c5 8. d5 O-O 9. O-O e6 10. Nbc3 Na6 11. Nf4 e5 12. Nd3 c4 13. Ne1 Bd7 14. Qe2 Rc8 15. Be3 Nc5 16. Nf3 Qe7 17. Rfd1 h6 18. Nd2 Nca4 19. Nxa4 Bxa4 20. b3 cxb3 21. axb3 Be8 22. Ra2 a6 23. Rxa6 Na8 24. Ra7 Qd8 25. Rxb7 Rb8 26. Rxb8 Qxb8 27. Ra1 Bb5 28. Bc5 Rc8 29. Qe3 Nc7 30. b4 Rd8 31. Bh3 Re8 32. Bd6 Bf8 33. Bxf8 Rxf8 34. Qxh6 Ne8 35. Qg5 Qd6 36. Nf3 Qxb4 37. Qxe5 Nd6 38. Qd4 Qb3 39. Nd2 Qc2 40. e5 Nf5 41. Bxf5 Qxf5 42. Ne4 1-0

[Event "Wuerttemberg Rapid Teams 2024"]
[Site "B?blingen, Germany"]
[Date "2024.04.13"]
[Round "7.3"]
[White "Krockenberger, Martin"]
[Black "Kocharin, Timur"]
[Result "0-1"]
[ECO "E42"]
[WhiteElo "2125"]
[BlackElo "2250"]
[Annotator "RC"]
[PlyCount "50"]
[EventDate "2024.04.13"]
[EventType "team-tourn"]
[SourceTitle "playchess.com"]
[Source "ChessBase"]
[SourceQuality "1"]
[TimeControl "900+5"]

1. d4 Nf6 2. c4 e6 3. Nc3 Bb4 4. e3 c5 5. Nge2 d5 6. a3 Ba5 7. dxc5 dxc4 8. Qxd8+ Bxd8 9. Na4 Bd7 10. Nec3 b5 11. cxb6 axb6 12. Bxc4 b5 13. Nxb5 Rxa4 14. b4 Be7 15. Bb2 O-O 16. Nc3 Ra8 17. O-O Rc8 18. Bb3 Nc6 19. Rfd1 Be8 20. f3 Rab8 21. Ba2 Na5 22. Rd4 Bc5 23. Rd3 Ba7 24. Rad1 Nc4 25. Bc1 Ne5 0-1

[Event "Wuerttemberg Rapid Teams 2024"]
[Site "B?blingen, Germany"]
[Date "2024.04.13"]
[Round "7.4"]
[White "Junesch, Gerhard"]
[Black "Eisele, Steffen"]
[Result "1-0"]
[ECO "D46"]
[WhiteElo "2267"]
[BlackElo "2230"]
[Annotator "RC"]
[PlyCount "62"]
[EventDate "2024.04.13"]
[EventType "team-tourn"]
[SourceTitle "playchess.com"]
[Source "ChessBase"]
[SourceQuality "1"]
[TimeControl "900+5"]

1. d4 d5 2. c4 c6 3. Nf3 Nf6 4. Nc3 e6 5. e3 Nbd7 6. Qc2 Bd6 7. Bd3 dxc4 8. Bxc4 O-O 9. O-O a6 10. a4 c5 11. Rd1 Qc7 12. Qe2 b6 13. d5 Ne5 14. Nxe5 Bxe5 15. h3 Bxc3 16. bxc3 exd5 17. Bxd5 Nxd5 18. Rxd5 Be6 19. Rg5 Rfd8 20. Ba3 h6 21. Rg3 c4 22. e4 Qe5 23. Bc1 Kh8 24. Rb1 b5 25. axb5 axb5 26. f4 Qc5+ 27. Be3 Qc6 28. Bd4 f6 29. f5 Bf7 30. Qg4 Rg8 31. e5 Qd6 1-0

[Event "Wuerttemberg Rapid Teams 2024"]
[Site "B?blingen, Germany"]
[Date "2024.04.13"]
[Round "7.6"]
[White "Kaufmann, Thorsten"]
[Black "Weiss, Oliver"]
[Result "0-1"]
[ECO "C01"]
[WhiteElo "2057"]
[BlackElo "2220"]
[Annotator "RC"]
[PlyCount "70"]
[EventDate "2024.04.13"]
[EventType "team-tourn"]
[SourceTitle "playchess.com"]
[Source "ChessBase"]
[SourceQuality "1"]
[TimeControl "900+5"]

1. e4 e6 2. d4 d5 3. exd5 exd5 4. Bf4 Nc6 5. c3 Bd6 6. Bg3 Nf6 7. Nf3 O-O 8. Be2 Ne7 9. O-O c6 10. Nbd2 Re8 11. Re1 Nf5 12. Bxd6 Nxd6 13. Bd3 Bg4 14. Qc2 Bh5 15. Rxe8+ Qxe8 16. Re1 Qf8 17. Kf1 Re8 18. Rxe8 Qxe8 19. h3 Nfe4 20. g4 Bg6 21. Ne5 Ng5 22. h4 Ne6 23. h5 Bxd3+ 24. Qxd3 h6 25. Qe3 Qd8 26. Kg2 Qf6 27. Kg3 Ng5 28. f3 Qe6 29. Nf1 f5 30. Ng6 Qf7 31. Ne5 Qc7 32. Qf4 Ne6 33. Qd2 fxg4 34. Kxg4 Ng5 35. Kg3 Nde4+ 0-1

[Event "Wuerttemberg Rapid Teams 2024"]
[Site "B?blingen, Germany"]
[Date "2024.04.13"]
[Round "7.7"]
[White "Albrecht, Neil"]
[Black "Wunder, Niklas"]
[Result "1-0"]
[ECO "B28"]
[WhiteElo "1950"]
[BlackElo "2071"]
[Annotator "NA RC"]
[PlyCount "49"]
[EventDate "2024.04.13"]
[EventType "team-tourn"]
[SourceTitle "playchess.com"]
[Source "ChessBase"]
[SourceQuality "1"]
[TimeControl "900+5"]

1. e4 c5 2. Nf3 a6 3. c3 d5 4. exd5 Qxd5 5. d4 e6 6. Be3 Nd7 7. Bd3 Ngf6 8. O-O b6 9. Re1 Be7 10. c4 Qc6 11. Nc3 cxd4 12. Nxd4 Qc7 13. Nd5 Nxd5 14. cxd5 Nc5 15. Rc1 Qd6 16. dxe6 fxe6 17. Qh5+ g6 18. Bxg6+ Kd7 19. Red1 hxg6 20. Qxh8 Bb7 21. Qg7 Bd5 22. Nf3 a5 23. Ne5+ Kc7 24. Bf4 Kb7 25. Nxg6 1-0

[Event "Wuerttemberg Rapid Teams 2024"]
[Site "B?blingen, Germany"]
[Date "2024.04.13"]
[Round "7.9"]
[White "Braeuning, Rudolf Wilhelm"]
[Black "Oberst, Thomas"]
[Result "0-1"]
[ECO "A20"]
[WhiteElo "2194"]
[BlackElo "2227"]
[Annotator "RC"]
[PlyCount "101"]
[EventDate "2024.04.13"]
[EventType "team-tourn"]
[SourceTitle "playchess.com"]
[Source "ChessBase"]
[SourceQuality "1"]
[TimeControl "900+5"]

1. c4 e5 2. a3 c6 3. Nf3 e4 4. Nd4 d5 5. cxd5 Nf6 6. e3 cxd5 7. d3 Bc5 8. Nc3 O-O 9. Be2 Re8 10. O-O exd3 11. Qxd3 Nc6 12. Nxc6 bxc6 13. Bf3 Ng4 14. Qc2 Bd6 15. h3 Nh2 16. Be2 Nxf1 17. Bxf1 Qf6 18. Bd2 Bf5 19. Qa4 Be5 20. f4 Bc7 21. Re1 Bb6 22. Kh2 Rad8 23. g4 Be4 24. Nxe4 Rxe4 25. Qc2 Qh4 26. Bg2 Re6 27. Qd3 Rde8 28. b4 Bc7 29. Rf1 h5 30. gxh5 Qxh5 31. b5 cxb5 32. Qxb5 Rd8 33. Rc1 Bb6 34. Qd3 Rg6 35. a4 Qh4 36. Be1 Qe7 37. Bd2 Re6 38. Re1 Qc5 39. Rc1 Qd6 40. a5 Bc7 41. Qc2 Bb8 42. Qb3 d4 43. e4 Qe7 44. e5 Qh4 45. Rf1 Rg6 46. Be1 Qe7 47. Bd5 Rh6 48. Bb4 Qd7 49. Bc4 d3 50. Rf3 d2 51. Rd3 0-1

[Event "Wuerttemberg Rapid Teams 2024"]
[Site "B?blingen, Germany"]
[Date "2024.04.13"]
[Round "7.10"]
[White "Hartmann, Martin"]
[Black "Namyslo, Holger"]
[Result "0-1"]
[ECO "C02"]
[WhiteElo "2158"]
[BlackElo "2125"]
[Annotator "RC"]
[PlyCount "106"]
[EventDate "2024.04.13"]
[EventType "team-tourn"]
[SourceTitle "playchess.com"]
[Source "ChessBase"]
[SourceQuality "1"]
[TimeControl "900+5"]

1. e4 e6 2. d4 d5 3. e5 c5 4. c3 Nc6 5. Nf3 Nh6 6. Bxh6 gxh6 7. Bd3 f6 8. O-O Bg7 9. Re1 O-O 10. Nbd2 Kh8 11. Nf1 Bd7 12. Ng3 Be8 13. exf6 Qxf6 14. Qe2 cxd4 15. Qxe6 Qxe6 16. Rxe6 dxc3 17. bxc3 Bxc3 18. Rc1 Bf6 19. Rb1 b6 20. Rc1 Nb4 21. Bb1 Bg6 22. a3 Bb2 23. Rd1 Bxa3 24. Bxg6 hxg6 25. Rxg6 Kh7 26. Nh4 Rf4 27. Ngf5 Rxf5 28. Rxh6+ Kxh6 29. Nxf5+ Kg5 30. Nd4 Rc8 31. Nb5 Rc1 32. Rxc1 Bxc1 33. Nxa7 d4 34. Nb5 d3 35. Kf1 Nc2 36. Nc3 Kf5 37. h4 Kg4 38. g3 Kf3 39. h5 Kg4 40. Kg2 Nd4 41. Kf1 Nf3 42. Kg2 Ne5 43. Kf1 Kxh5 44. Ke1 Kg4 45. Kd1 Bb2 46. Nd5 b5 47. f4 Nc4 48. Nb4 d2 49. Kc2 Bc1 50. Nd3 Ne3+ 51. Kc3 Kxg3 52. Nb2 Bxb2+ 53. Kxd2 Kxf4 0-1

[Event "Wuerttemberg Rapid Teams 2024"]
[Site "B?blingen, Germany"]
[Date "2024.04.13"]
[Round "7.11"]
[White "Freiherr von Hauff, Christopher"]
[Black "Schulze, Andreas"]
[Result "0-1"]
[ECO "B02"]
[WhiteElo "1960"]
[BlackElo "2080"]
[Annotator "RC"]
[PlyCount "156"]
[EventDate "2024.04.13"]
[EventType "team-tourn"]
[SourceTitle "playchess.com"]
[Source "ChessBase"]
[SourceQuality "1"]
[TimeControl "900+5"]

1. e4 Nf6 2. e5 Nd5 3. Bc4 Nb6 4. Bb3 c5 5. Qe2 Nc6 6. c3 g6 7. f4 Bh6 8. d3 d5 9. exd6 Qxd6 10. Nf3 Bf5 11. Ne5 O-O 12. O-O Bg7 13. Nxc6 Qxc6 14. Nd2 Rad8 15. Bc2 c4 16. Nxc4 Nxc4 17. dxc4 Bxc2 18. Qxc2 Qxc4 19. Be3 a6 20. Rfe1 e6 21. Qb3 Qc6 22. Rad1 b5 23. Qc2 Qc4 24. a3 Rc8 25. Qf2 Rfd8 26. Bb6 Rd3 27. h3 Bh6 28. Rxd3 Qxd3 29. Bd4 Qf5 30. Rf1 Rd8 31. Kh2 Bf8 32. Qe3 Bd6 33. Kh1 h5 34. Qg3 Be7 35. Qf3 Qd5 36. Qe2 Kh7 37. Kg1 Bc5 38. Bxc5 Qxc5+ 39. Kh1 Qd5 40. Rf2 Qd1+ 41. Kh2 Qd6 42. Qe3 Kg7 43. Re2 Kg8 44. g4 hxg4 45. hxg4 Kg7 46. Kg2 Qd5+ 47. Kg3 Rh8 48. Qe5+ Qxe5 49. Rxe5 Rc8 50. Kf3 Rc4 51. f5 gxf5 52. gxf5 Kf6 53. Re3 Kxf5 54. Rd3 Rc6 55. Rd7 f6 56. Rd8 e5 57. Re8 Re6 58. Rg8 e4+ 59. Ke3 Ke5 60. b3 f5 61. Rf8 Rh6 62. Re8+ Re6 63. Rf8 Rc6 64. Re8+ Kf6 65. Kd2 Kg5 66. Rg8+ Kf4 67. Re8 Rh6 68. c4 bxc4 69. bxc4 Rc6 70. Kc3 Kf3 71. Kd4 f4 72. Kd5 Rc7 73. c5 e3 74. Kd6 Rg7 75. Re6 Kf2 76. c6 e2 77. c7 Rxc7 78. Kxc7 e1=Q 0-1

[Event "Wuerttemberg Rapid Teams 2024"]
[Site "B?blingen, Germany"]
[Date "2024.04.13"]
[Round "7.12"]
[White "Deubel, Silas"]
[Black "Birkenmaier, Rainer"]
[Result "1/2-1/2"]
[ECO "A11"]
[WhiteElo "1851"]
[BlackElo "2111"]
[Annotator "RC"]
[PlyCount "119"]
[EventDate "2024.04.13"]
[EventType "team-tourn"]
[SourceTitle "playchess.com"]
[Source "ChessBase"]
[SourceQuality "1"]
[TimeControl "900+5"]

1. Nf3 d5 2. e3 Nf6 3. c4 e6 4. Nc3 c6 5. b3 Bd6 6. Bb2 O-O 7. Be2 Nbd7 8. Qc2 e5 9. cxd5 Nxd5 10. a3 Nxc3 11. Bxc3 Qe7 12. h4 h6 13. Bc4 e4 14. Nd4 Nf6 15. b4 a6 16. d3 Bd7 17. dxe4 Nxe4 18. Bb2 c5 19. bxc5 Nxc5 20. Nf5 Bxf5 21. Qxf5 Rad8 22. Rd1 b5 23. Ba2 Qe4 24. Qxe4 Nxe4 25. O-O Be7 26. Bd5 Nf6 27. Bf3 Rxd1 28. Rxd1 Rd8 29. Rxd8+ Bxd8 30. g3 Be7 31. Kf1 Kf8 32. Ke2 Ke8 33. Bb7 Kd7 34. Bxa6 Kc6 35. Bc8 Ne8 36. Bg4 Bf6 37. Bf3+ Kc5 38. Bxf6 Nxf6 39. Kd3 g6 40. Bd1 Nd7 41. f4 f6 42. g4 g5 43. hxg5 hxg5 44. Bb3 Nb6 45. Be6 Kd6 46. Bf7 Kc5 47. fxg5 fxg5 48. e4 Nd7 49. Be6 Ne5+ 50. Kc3 Nf3 51. Bf5 Ne5 52. Kb3 Nc4 53. Be6 Nd2+ 54. Kc3 Nxe4+ 55. Kd3 Nd6 56. Bg8 Ne8 57. Bf7 Nf6 58. Be6 Kd6 59. Bf5 Kd5 60. Bc8 1/2-1/2

[Event "Wuerttemberg Rapid Teams 2024"]
[Site "B?blingen, Germany"]
[Date "2024.04.13"]
[Round "7.13"]
[White "Kuklin, Valentin"]
[Black "Peng, Xiang-Tobias"]
[Result "0-1"]
[ECO "C80"]
[WhiteElo "2367"]
[BlackElo "2187"]
[Annotator "RC"]
[PlyCount "86"]
[EventDate "2024.04.13"]
[EventType "team-tourn"]
[SourceTitle "playchess.com"]
[Source "ChessBase"]
[SourceQuality "1"]
[TimeControl "900+5"]

1. e4 e5 2. Nf3 Nc6 3. Bb5 a6 4. Ba4 Nf6 5. O-O Nxe4 6. d4 b5 7. Bb3 d5 8. dxe5 Be6 9. Nbd2 Nc5 10. c3 d4 11. Bc2 dxc3 12. bxc3 Be7 13. Qe2 Na5 14. Rd1 Qc8 15. Ne4 Nxe4 16. Qxe4 Qb7 17. Qxb7 Nxb7 18. Be4 Ra7 19. Bc6+ Kf8 20. a4 bxa4 21. Be3 Na5 22. Be4 c5 23. Rdb1 f5 24. exf6 gxf6 25. Rxa4 Nc4 26. Rb8+ Kg7 27. Bh6+ Kxh6 28. Rxh8 f5 29. Bxf5 Bxf5 30. Rxc4 a5 31. Rf4 Bg6 32. Ne5 a4 33. Nc6 Ra6 34. Nxe7 a3 35. h4 a2 36. g4 a1=Q+ 37. Kh2 Qxc3 38. g5+ Kh5 39. Rhf8 Ra3 40. f3 Qd2+ 41. Kg3 Qe1+ 42. Kg2 Ra2+ 43. Kh3 Qh1+ 0-1

[Event "Wuerttemberg Rapid Teams 2024"]
[Site "B?blingen, Germany"]
[Date "2024.04.13"]
[Round "7.14"]
[White "Ramirez Marin, Ivan"]
[Black "Vujic, Branimir"]
[Result "0-1"]
[ECO "E17"]
[WhiteElo "2271"]
[BlackElo "2218"]
[Annotator "RC"]
[PlyCount "100"]
[EventDate "2024.04.13"]
[EventType "team-tourn"]
[SourceTitle "playchess.com"]
[Source "ChessBase"]
[SourceQuality "1"]
[TimeControl "900+5"]

1. c4 e6 2. g3 d5 3. Bg2 Nf6 4. Nf3 Be7 5. O-O O-O 6. b3 b6 7. d4 Bb7 8. Nc3 Nbd7 9. Bb2 c5 10. Ne1 Rc8 11. cxd5 Nxd5 12. Nxd5 Bxd5 13. Bxd5 exd5 14. dxc5 Nxc5 15. Nf3 Ne6 16. Rc1 Rxc1 17. Qxc1 Bf6 18. Rd1 Bxb2 19. Qxb2 Qa8 20. Qe5 Rd8 21. h4 Qc6 22. h5 h6 23. e3 Qc2 24. Rd2 Qe4 25. Qxe4 dxe4 26. Rxd8+ Nxd8 27. Nd2 f5 28. g4 fxg4 29. Nxe4 Kf7 30. Kg2 Ke6 31. Kg3 Kf5 32. Nd6+ Kg5 33. Nc4 Nf7 34. e4 Kxh5 35. Kf4 g6 36. e5 Nd8 37. Ne3 Ne6+ 38. Ke4 Kg5 39. Kd5 Ng7 40. Kd6 h5 41. Ke7 h4 42. Kf7 h3 43. Kxg7 h2 44. e6 h1=Q 45. e7 Qe4 46. Kf7 Qf4+ 47. Kg7 Qe5+ 48. Kf7 Qf6+ 49. Ke8 Qxf2 50. Nd5 Qf5 0-1

[Event "Wuerttemberg Rapid Teams 2024"]
[Site "B?blingen, Germany"]
[Date "2024.04.13"]
[Round "7.15"]
[White "Schuh, Karsten"]
[Black "Schnepp, Gunnar"]
[Result "1/2-1/2"]
[ECO "A07"]
[WhiteElo "2133"]
[BlackElo "2233"]
[Annotator "RC"]
[PlyCount "106"]
[EventDate "2024.04.13"]
[EventType "team-tourn"]
[SourceTitle "playchess.com"]
[Source "ChessBase"]
[SourceQuality "1"]
[TimeControl "900+5"]

1. Nf3 Nf6 2. g3 d5 3. c4 d4 4. b4 c5 5. Bb2 g6 6. Bg2 Bg7 7. O-O O-O 8. d3 Nfd7 9. Nbd2 Nc6 10. bxc5 Nxc5 11. Rb1 Re8 12. Ba3 Qa5 13. Bxc5 Qxc5 14. Rb5 Qa3 15. Qb1 Rb8 16. Ne1 Nd8 17. Nc2 Qa6 18. Nb3 Ne6 19. Ra5 Qb6 20. c5 Qc7 21. Rxa7 Nxc5 22. Nbxd4 Na6 23. Rc1 Qc5 24. Rxa6 bxa6 25. Qxb8 Bxd4 26. e3 Bf6 27. Qb4 Qc7 28. Qa3 Qb6 29. Nb4 Be6 30. Rc6 Qb5 31. Rxa6 Rb8 32. Ra8 Kg7 33. Rxb8 Qxb8 34. d4 Bc4 35. Qc3 Bb5 36. Bf1 Bd7 37. Bc4 e6 38. Bb3 Qb7 39. a4 h5 40. a5 h4 41. gxh4 Qe4 42. Bd1 e5 43. Qd3 Qxh4 44. dxe5 Qg5+ 45. Kf1 Bh3+ 46. Ke2 Qxe5 47. Nd5 Bg4+ 48. Kd2 Qxh2 49. Nxf6 Qxf2+ 50. Be2 Bxe2 51. Ne8+ Kf8 52. Qxe2 Qxe2+ 53. Kxe2 Kxe8 1/2-1/2

[Event "Wuerttemberg Rapid Teams 2024"]
[Site "B?blingen, Germany"]
[Date "2024.04.13"]
[Round "7.16"]
[White "Geshnizjani, Ramin"]
[Black "Schuh, Bernd-Martin"]
[Result "1/2-1/2"]
[ECO "B22"]
[WhiteElo "2137"]
[BlackElo "1976"]
[Annotator "RC"]
[PlyCount "82"]
[EventDate "2024.04.13"]
[EventType "team-tourn"]
[SourceTitle "playchess.com"]
[Source "ChessBase"]
[SourceQuality "1"]
[TimeControl "900+5"]

1. e4 c5 2. c3 d5 3. exd5 Qxd5 4. Na3 Nc6 5. Nf3 Nf6 6. Bc4 Qd8 7. O-O e6 8. Nc2 Be7 9. d4 O-O 10. Be3 b6 11. Qe2 Bb7 12. Ba6 Qc7 13. Bxb7 Qxb7 14. dxc5 Bxc5 15. Bxc5 bxc5 16. Ne3 Rfd8 17. Rfd1 Rab8 18. Nc4 Nd5 19. Qe4 h6 20. Nfe5 Nxe5 21. Qxe5 Qb5 22. b3 a5 23. Rd3 Nf6 24. Rad1 Rd5 25. Rxd5 exd5 26. Nd6 Qb6 27. Qe7 Rf8 28. h3 Qd8 29. Qxd8 Rxd8 30. Nb7 Re8 31. Kf1 Ne4 32. Rxd5 Nxc3 33. Rxc5 Nxa2 34. Nxa5 Nb4 35. Rc4 Nd3 36. g3 Re1+ 37. Kg2 Re2 38. Rc8+ Kh7 39. Rc3 Rxf2+ 40. Kg1 Ra2 41. Rxd3 Rxa5 1/2-1/2

[Event "Wuerttemberg Rapid Teams 2024"]
[Site "B?blingen, Germany"]
[Date "2024.04.13"]
[Round "7.17"]
[White "Kerpe, Andreas"]
[Black "Zuferi, Enis"]
[Result "0-1"]
[ECO "A03"]
[WhiteElo "2146"]
[BlackElo "2406"]
[Annotator "RC"]
[PlyCount "48"]
[EventDate "2024.04.13"]
[EventType "team-tourn"]
[SourceTitle "playchess.com"]
[Source "ChessBase"]
[SourceQuality "1"]
[TimeControl "900+5"]

1. f4 d5 2. Nf3 g6 3. g3 Bg7 4. Bg2 c6 5. e3 Nd7 6. O-O Nh6 7. Nc3 O-O 8. d3 e5 9. e4 dxe4 10. dxe4 Ng4 11. Qe2 Re8 12. Nh4 Nc5 13. f5 Nf6 14. Bg5 Qb6 15. Rab1 Ncxe4+ 16. Be3 Nxc3 17. bxc3 Qc7 18. Bg5 Nd5 19. fxg6 hxg6 20. Qd3 Be6 21. c4 e4 22. Bxe4 Nc3 23. Rbe1 Qa5 24. Bd2 Qc5+ 0-1

[Event "Wuerttemberg Rapid Teams 2024"]
[Site "B?blingen, Germany"]
[Date "2024.04.13"]
[Round "7.18"]
[White "Huber, Philipp"]
[Black "Vaysberg, Alexander"]
[Result "0-1"]
[ECO "A45"]
[WhiteElo "2306"]
[BlackElo "2152"]
[Annotator "RC"]
[PlyCount "90"]
[EventDate "2024.04.13"]
[EventType "team-tourn"]
[SourceTitle "playchess.com"]
[Source "ChessBase"]
[SourceQuality "1"]
[TimeControl "900+5"]

1. d4 Nf6 2. Bg5 Ne4 3. h4 d5 4. Nd2 Nxd2 5. Qxd2 h6 6. Bf4 Bf5 7. f3 e6 8. g4 Bg6 9. e3 Bd6 10. Bd3 Bxd3 11. cxd3 Bxf4 12. exf4 Nc6 13. Ne2 Qd6 14. h5 Qb4 15. Qxb4 Nxb4 16. Kd2 c6 17. a3 Na6 18. Nc3 Nc7 19. Na4 b6 20. Rac1 Kd7 21. Rc2 Rac8 22. Rhc1 Nb5 23. Ke3 Rc7 24. Nc3 Nd6 25. Ne2 Rhc8 26. b4 Ra8 27. a4 a5 28. b5 Rac8 29. bxc6+ Rxc6 30. Nc3 b5 31. Kd2 bxa4 32. f5 a3 33. fxe6+ fxe6 34. f4 a2 35. Rxa2 Nb5 36. Nxb5 Rxc1 37. Rxa5 Rg1 38. f5 Rxg4 39. fxe6+ Kxe6 40. Ra6+ Ke7 41. Nd6 Rf8 42. Ke3 Rf6 43. Nc8+ Kd8 44. Ra8 Kc7 45. Kd2 Rf8 0-1

[Event "Wuerttemberg Rapid Teams 2024"]
[Site "B?blingen, Germany"]
[Date "2024.04.13"]
[Round "7.19"]
[White "Jerie, Sven"]
[Black "Degenhard, Simon"]
[Result "0-1"]
[ECO "B21"]
[WhiteElo "2018"]
[BlackElo "2204"]
[Annotator "RC"]
[PlyCount "68"]
[EventDate "2024.04.13"]
[EventType "team-tourn"]
[SourceTitle "playchess.com"]
[Source "ChessBase"]
[SourceQuality "1"]
[TimeControl "900+5"]

1. e4 c5 2. Be2 Nc6 3. d3 g6 4. f4 Bg7 5. Nf3 d6 6. c3 e6 7. O-O Nge7 8. Be3 O-O 9. d4 cxd4 10. cxd4 d5 11. e5 Nf5 12. Bf2 h5 13. Nc3 Bd7 14. Rc1 Rc8 15. h3 h4 16. Bd3 Ng3 17. Re1 Bh6 18. Qd2 Na5 19. b3 Qb6 20. Nxh4 Nh5 21. Be3 Bxf4 22. g4 Qxd4 23. Nf3 Bxe3+ 24. Rxe3 Qb6 25. gxh5 d4 26. Nxd4 Qxd4 27. Ne2 Rxc1+ 28. Qxc1 Qh4 29. Rg3 Nc6 30. hxg6 Nxe5 31. gxf7+ Kxf7 32. Qc7 Qf6 33. Re3 Rg8+ 34. Ng3 Qf4 0-1

[Event "Wuerttemberg Rapid Teams 2024"]
[Site "B?blingen, Germany"]
[Date "2024.04.13"]
[Round "7.20"]
[White "Tschlatscher, Thomas"]
[Black "Schaffert, Walter"]
[Result "1-0"]
[ECO "A01"]
[WhiteElo "2217"]
[BlackElo "2033"]
[Annotator "RC"]
[PlyCount "31"]
[EventDate "2024.04.13"]
[EventType "team-tourn"]
[SourceTitle "playchess.com"]
[Source "ChessBase"]
[SourceQuality "1"]
[TimeControl "900+5"]

1. b3 e5 2. Bb2 Nc6 3. e3 Nf6 4. Bb5 d6 5. d4 exd4 6. Qxd4 Bd7 7. Bxc6 Bxc6 8. Nf3 Be7 9. Nc3 O-O 10. O-O-O b5 11. e4 Ne8 12. e5 Bxf3 13. gxf3 Bg5+ 14. f4 dxe5 15. Qxe5 Qe7 16. Qxg5 1-0

[Event "Wuerttemberg Rapid Teams 2024"]
[Site "B?blingen, Germany"]
[Date "2024.04.13"]
[Round "7.21"]
[White "Seitz, Patrick"]
[Black "Gabriel, Robert"]
[Result "0-1"]
[ECO "B14"]
[WhiteElo "2125"]
[BlackElo "2161"]
[Annotator "RC"]
[PlyCount "118"]
[EventDate "2024.04.13"]
[EventType "team-tourn"]
[SourceTitle "playchess.com"]
[Source "ChessBase"]
[SourceQuality "1"]
[TimeControl "900+5"]

1. e4 c6 2. d4 d5 3. exd5 cxd5 4. c4 Nf6 5. Nc3 e6 6. Nf3 Bb4 7. cxd5 Nxd5 8. Qc2 Nc6 9. a3 Ba5 10. Bd2 O-O 11. Bd3 h6 12. O-O Bb6 13. Rad1 Bxd4 14. Nxd5 exd5 15. Nxd4 Nxd4 16. Qa4 Nc6 17. Qf4 Be6 18. b4 a6 19. Bc3 Qg5 20. Qxg5 hxg5 21. Rfe1 g4 22. f4 gxf3 23. gxf3 Rfe8 24. Kf2 f6 25. Rg1 Ne5 26. Be2 Rac8 27. Rc1 Bf5 28. Bd4 Kf7 29. Rc5 Rxc5 30. Bxc5 Bd3 31. f4 Bxe2 32. Kxe2 Ng6+ 33. Kf3 Re4 34. Be3 Nh4+ 35. Kf2 Nf5 36. Bd2 d4 37. Rc1 d3 38. Re1 Rc4 39. Kf3 Rc2 40. Rd1 Ra2 41. Ke4 Nd6+ 42. Kxd3 Rxa3+ 43. Kd4 Ke6 44. Re1+ Kd7 45. Rd1 b6 46. Be1 Ke6 47. Bg3 Nf5+ 48. Kc4 Nxg3 49. hxg3 Rxg3 50. Rd8 Rf3 51. Rb8 Rxf4+ 52. Kc3 b5 53. Rb6+ Kf7 54. Rxa6 g5 55. Rb6 Rf5 56. Kd4 g4 57. Ke4 Kg6 58. Rb8 Rg5 59. Kf4 g3 0-1

[Event "Wuerttemberg Rapid Teams 2024"]
[Site "B?blingen, Germany"]
[Date "2024.04.13"]
[Round "7.22"]
[White "Gabriel, Josef"]
[Black "Narr, Kevin"]
[Result "0-1"]
[ECO "C00"]
[WhiteElo "1997"]
[BlackElo "1977"]
[Annotator "TA"]
[PlyCount "64"]
[EventDate "2024.04.13"]
[EventType "team-tourn"]
[SourceTitle "playchess.com"]
[Source "ChessBase"]
[SourceQuality "1"]
[TimeControl "900+5"]

1. e4 e6 2. d3 d5 3. Nd2 Nf6 4. Ngf3 Be7 5. g3 O-O 6. Bg2 a5 7. O-O a4 8. a3 {[%emt 0:00:01] The position is equal.} Nc6 9. e5 Nd7 10. d4 Nb6 11. Qe2 f6 12. exf6 Bxf6 13. c3 Bd7 14. Re1 Re8 15. Qd3 Na5 16. Ne5 (16. h4 $14) 16... Nbc4 17. Nexc4 (17. Ndxc4 $5 Bb5 18. Qd1 Nxc4 19. Bf1 Bxe5 20. Bxc4 dxc4 (20... Bxc4 21. Rxe5 Ra6 22. Bf4 $11) 21. Rxe5 $11) 17... Bb5 18. Bh3 dxc4 19. Qe2 (19. Bxe6+ Rxe6 20. Qf1 Rxe1 21. Qxe1 Qd5 $19) 19... e5 20. Qh5 (20. dxe5 $14 Nb3 (20... Rxe5 21. Ne4 $16) 21. Rb1 (21. Nxb3 Rxe5 22. Be3 cxb3 $11)) 20... exd4 21. Be6+ {[%emt 0:00:07] [#]} (21. Ne4 $1 $15 Rxe4 (21... Bc6 22. Bf5 $11) 22. Rxe4) 21... Rxe6 $1 $17 22. Rxe6 Be8 (22... dxc3 23. Qxb5 c6 (23... cxd2 $2 24. Bxd2 c6 25. Qb4 $18) 24. Qb4 $18 (24. Qxa4 $2 cxd2 25. Qd1 Qd5 $19)) 23. Qe2 (23. Qf3 $17 {might work better.}) 23... Bf7 ({Inferior is} 23... dxc3 24. Ne4 (24. Nxc4 $2 {loses.} Bb5 $19) 24... Bf7 25. Nxf6+ gxf6 26. Qg4+ Bg6 27. bxc3 $11) 24. Re4 Bg6 {[%emt 0:00:32] ...Qd5 is the strong threat.} 25. Rg4 dxc3 26. Nxc4 {[%emt 0:00:55] [#]} (26. bxc3 {is tougher.} Bxc3 27. Ra2) 26... Nxc4 $2 ({Better is} 26... Nb3 $19 27. Rxg6 hxg6 (27... Nxa1 $2 28. Rxf6 Qxf6 29. bxc3 $19) 28. Qe6+ Kf8 29. bxc3 Nxa1) 27. Qxc4+ $15 Bf7 {[%emt 0:00:01] A strong pair of Bishops.} (27... Kh8 {simplifies} 28. Rxg6 Qd1+ 29. Qf1 Qxf1+ 30. Kxf1 hxg6 31. bxc3 Bxc3 32. Rb1 b6) 28. Qe2 Qd7 ({Black should play} 28... Bh5 $15 29. bxc3 Bxc3 (29... Bxg4 30. Qxg4 Qd3 31. Bg5 $15)) 29. bxc3 $11 Re8 30. Re4 (30. Be3 $11) 30... Rxe4 $19 31. Qxe4 Qd1+ 32. Kg2 Bd5 {[%emt 0:00:01] Weighted Error Value: White=0.92/Black=0.40.  Loses game:     	White=1     	---        Missed win:     	---       	Black=1      Mistake:       	White=5     	Black=2      Inaccurate:     	White=1     	Black=2      OK:         	White=6     	Black=8      Best:        	White=1     	Black=1      Brilliant:      	---       	Black=1} 0-1

[Event "Wuerttemberg Rapid Teams 2024"]
[Site "B?blingen, Germany"]
[Date "2024.04.13"]
[Round "7.23"]
[White "Sulzbacher, Kurt"]
[Black "Aksenov, Pavel"]
[Result "1-0"]
[ECO "C18"]
[WhiteElo "1976"]
[BlackElo "2045"]
[Annotator "RC"]
[PlyCount "77"]
[EventDate "2024.04.13"]
[EventType "team-tourn"]
[SourceTitle "playchess.com"]
[Source "ChessBase"]
[SourceQuality "1"]
[TimeControl "900+5"]

1. e4 e6 2. d4 d5 3. Nc3 Bb4 4. e5 c5 5. a3 cxd4 6. axb4 dxc3 7. bxc3 Qc7 8. Nf3 Nd7 9. Qd4 Ne7 10. Bd2 Nc6 11. Qg4 Ncxe5 12. Nxe5 Qxe5+ 13. Be2 f5 14. Qh5+ g6 15. Qh4 O-O 16. f4 Qf6 17. Qg3 e5 18. O-O e4 19. c4 d4 20. c5 Nb8 21. b5 Be6 22. Bb4 Rc8 23. c6 bxc6 24. b6 Qf7 25. Rfb1 Qb7 26. Bc5 axb6 27. Rxa8 Qxa8 28. Bxd4 b5 29. Ra1 Ba2 30. Qg5 c5 31. Bb2 Qd5 32. Qf6 Rc7 33. Qh8+ Kf7 34. Qxh7+ Ke6 35. Qxc7 Nc6 36. Rd1 Nd4 37. Bxd4 cxd4 38. Qb6+ Ke7 39. Rxd4 1-0